 Dungeon Crawl Stone Soup version 0.29.1-15-g9cfb28693d (webtiles) character file.

Game seed: 13147157514083063150

15 jtron the Poker (level 2, -3/22 HPs)
             Began as a Demonspawn Gladiator on Mar 20, 2023.
             Slain by a quokka (4 damage)
             ... on level 1 of the Dungeon.
             The game lasted 00:00:27 (118 turns).

jtron the Poker (Demonspawn Gladiator)               Turns: 118, Time: 00:00:28

Health: -3/22      AC:  5    Str: 14    XL:     2   Next: 34%
Magic:  2/2        EV: 12    Int:  9    God:
Gold:   28         SH:  0    Dex: 14    Spells: 1/1 levels left

rFire   . . .      SeeInvis .   a - +1 trident
rCold   . . .      Faith    .   (no shield)
rNeg    . . .      Spirit   .   b - +0 leather armour
rPois   .          Reflect  .   c - +0 helmet
rElec   .          Harm     .   (no cloak)
rCorr   .          Rampage  .   (no gloves)
Will    .....                   (no boots)
Stlth   +.........              (no amulet)
HPRegen 0.07/turn               (no ring)
MPRegen 0.08/turn               (no ring)

@: no status effects
A: rugged brown scales 1
a: no special abilities


You were on level 1 of the Dungeon.
You visited 1 branch of the dungeon, and saw 1 of its levels.

You collected 28 gold pieces.

Inventory:

Hand Weapons
 a - a +1 trident (weapon)
Missiles
 d - 3 throwing nets (quivered)
 e - a javelin
Armour
 b - a +0 leather armour (worn)
 c - a +0 helmet (worn)


   Skills:
 * Level 2.1 Fighting
 + Level 3.0 Polearms
 + Level 1.8 Throwing
 + Level 0.1 Armour
 - Level 3.0 Dodging


You had one spell level left.
You didn't know any spells.
Your spell library was empty.

Dungeon Overview and Level Annotations

Branches:
Dungeon (1/15)

Altars:


Innate Abilities, Weirdness & Mutations

You are partially covered in rugged brown scales. (AC +1, +3% HP)


Message History

You hit the gnoll.
The gnoll is heavily wounded.
The gnoll hits you but does no damage.
A kobold comes into view.
It is wielding a +0 short sword of draining.
You hit the gnoll.
The gnoll is almost dead.
The gnoll hits you with a +0 whip. x2
You are too injured to fight recklessly!
You are too injured to fight recklessly!
You are too injured to fight recklessly!
The gnoll closely misses you.
You aren't carrying any potions.
As you read the scroll labelled WAESOCZ EKEA, it crumbles to dust.
It is a scroll of enchant weapon.
Your +0 trident glows red for a moment.
The gnoll closely misses you.
You barely miss the gnoll.
The gnoll is severely wounded.
The gnoll barely misses you.
You barely miss the gnoll.
The gnoll is severely wounded.
The gnoll hits you with a +0 whip!
* * * LOW HITPOINT WARNING * * *
You hit the gnoll.
The gnoll is almost dead.
The gnoll barely misses you.
You puncture the gnoll!
You kill the gnoll!
Training target 3.0 for Dodging reached!
Your Polearms skill increases to level 3!
Your Dodging skill increases to level 3!
You have reached level 2!
Your demonic ancestry asserts itself...
Rugged brown scales grow over part of your body.
You closely miss the quokka.
The quokka bites you but does no damage.
The quokka misses you.
You hit the quokka.
The quokka is severely wounded.
The quokka bites you.
You die...

..# #.#######.# #...#
#.. #.#.......# #...#
#... #.#.#####.########
#...##.#.#....†........
.#$...#.#...##.†....####
......'KB.#.##......+
.##...#r#.#.........#
### #r#...#.......#
#@#.#.........#
#.#.#...#.....#
#.#.#.#...#+###
#.#.#.#..## #.#.#.#..#
..# ...... ... . ...#
#.# #...


You could see a quokka, a giant cockroach, a kobold and a rat.

Vanquished Creatures
  A gnoll (D:1)
  A giant cockroach (D:1)
  4 bats (D:1)
  A rat (D:1)
7 creatures vanquished.

Notes
Turn   | Place    | Note
-------+----------+-------------------------------------------
     0 | D:1      | jtron the Demonspawn Gladiator began the quest for the Orb.
     0 | D:1      | Reached XP level 1. HP: 16/16 MP: 1/1
   117 | D:1      | Gained mutation: You are partially covered in rugged brown
                  | scales. (AC +1, +3% HP) [demonic ancestry]
   117 | D:1      | Reached XP level 2. HP: 1/22 MP: 2/2
   118 | D:1      | Slain by a quokka

Illustrated notes

Levels and vault maps discovered:
D:1:      kennysheep_arrival_forest, layout_basic,
          shapermc_ecumenical_altar_starsandcircs

Skill      XL: |  1 |
---------------+----+-----
Polearms       | 3 |  3.0
Dodging        | 3 |  3.0
Fighting       | |  2.1
Throwing       | |  1.8
Armour         | |  0.1

Action                   || total
-------------------------++-------
Melee: Trident           ||    38
  Use: Scroll            ||     1
Armor: Leather armour    ||    19
Dodge: Dodged            ||    30
